 Dungeon Crawl Stone Soup version 0.30-a0-172-gc5509c9e31 (webtiles) character file.

Game seed: 3133883864907208670

15690 Pooter the Fighter (level 12, -1/165 (168) HPs)
             Began as a Minotaur Berserker on Oct 1, 2022.
             Was an Elder of Trog.
             Slain by an orc warlord
             ... wielding a +1 war axe of venom
              (10 damage)
             ... on level 10 of the Dungeon.
             The game lasted 01:06:52 (17850 turns).

Pooter the Fighter (Minotaur Berserker)            Turns: 17850, Time: 01:06:52

HP:   -1/165 (168)  AC: 21    Str: 23    XL:     12   Next: 3%
MP:   11/11         EV:  8    Int:  4    God:    Trog [****..]
Gold: 782           SH:  0    Dex: 14    Spells: 11/11 levels left

rFire   . . .      SeeInvis .    a - +5 morningstar
rCold   . . .      Faith    .    (no shield)
rNeg    . . .      Spirit   .    J - +2 plate armour
rPois   .          Reflect  .    (helmet restricted)
rElec   .          Harm     .    k - +0 cloak
rCorr   .          Rampage  .    K - +0 pair of gloves
Will    .....                    L - +0 pair of boots
Stlth   ..........               (no amulet)
HPRegen 0.47/turn                h - +4 ring of protection
MPRegen 0.12/turn                S - +4 ring of slaying

@: berserking, lethally poisoned (-1 -> -33), lightly drained, very quick
A: horns 2, retaliatory headbutt
a: Renounce Religion, Berserk, Trog's Hand, Brothers in Arms


You were on level 10 of the Dungeon.
You worshipped Trog.
Trog was greatly pleased with you.
You visited 2 branches of the dungeon, and saw 11 of its levels.
You also visited: Sewer and Bailey.

You collected 782 gold pieces.

Inventory:

Hand Weapons
 a - a +5 morningstar (weapon)
   (You took it off a wight on level 8 of the Dungeon)
 b - a +0 arbalest
   (You found it on level 5 of the Dungeon)
 c - a +4 halberd of freezing
   (You took it off a wight on level 9 of the Dungeon)
 n - a +2 war axe of freezing
   (You found it in a bailey)
 p - a +1 dire flail of holy wrath
   (You took it off Edmund on level 4 of the Dungeon)
 s - a +0 hand axe
 B - a +0 flail
   (You took it off an orc on level 3 of the Dungeon)
 E - a +0 vampiric trident
   (You took it off an orc on level 3 of the Dungeon)
 F - a +0 battleaxe of freezing
   (You took it off an orc warrior on level 10 of the Dungeon)
 M - the +5 sling "Onio" {vorpal, rC+ SInv Stlth+}
   (You found it on level 2 of the Dungeon)

   Any ammunition fired from it inflicts extra damage upon your enemies.
   rC:        It protects you from cold.
   SInv:      It lets you see invisible.
   Stlth:     It makes you more stealthy.
Missiles
 r - 9 boomerangs (quivered)
 w - 63 poisoned darts
 y - 3 curare-tipped darts
 N - 2 silver boomerangs
 Q - 91 stones
 V - 25 javelins
Armour
 k - a +0 cloak (worn)
   (You found it on level 2 of the Dungeon)
 J - a +2 plate armour (worn)
   (You found it on level 5 of the Dungeon)
 K - a +0 pair of gloves (worn)
   (You found it on level 5 of the Dungeon)
 L - a +0 pair of boots (worn)
   (You found it on level 5 of the Dungeon)
Jewellery
 h - a +4 ring of protection (left hand)
   (You found it on level 1 of the Dungeon)
 q - a ring of magical power
   (You found it on level 4 of the Dungeon)
 R - a +6 ring of intelligence
   (You took it off a wight on level 8 of the Dungeon)
 S - a +4 ring of slaying (right hand)
   (You took it off a tengu warrior on level 8 of the Dungeon)
Wands
 D - a wand of charming (22)
   (You took it off Ijyb on level 3 of the Dungeon)
Scrolls
 d - a scroll of vulnerability {!r}
 f - 2 scrolls of torment {!r}
 m - a scroll of summoning
 o - 4 scrolls of enchant armour
 t - 2 scrolls of teleportation {@r4}
 u - a scroll of noise {!r}
 v - 2 scrolls of blinking
 P - a scroll of fear
 U - a scroll of poison {!r}
Potions
 e - a potion of ambrosia {unknown}
 g - 11 potions of curing {@q1}
 x - 3 potions of haste {@q3}
 z - 5 potions of heal wounds {@q2}
 A - 2 potions of invisibility
 C - a potion of lignification {unknown}
 G - 2 potions of attraction {unknown}
 H - 3 potions of mutation {!q}
 I - a potion of cancellation {unknown}
 O - 2 potions of might
 T - a potion of berserk rage {unknown}


   Skills:
 * Level 11.8 Fighting
 + Level 8.8(10.8) Axes
 * Level 9.9(11.3) Maces & Flails
 * Level 10.1 Ranged Weapons
 + Level 3.4 Throwing
 + Level 4.9 Armour
 - Level 3.9 Dodging
 - Level 4.9 Stealth
 + Level 5.5 Evocations


You had 11 spell levels left.
You didn't know any spells.
Your spell library was empty.

Dungeon Overview and Level Annotations

Branches:
Dungeon (10/15)            Temple (0/1) D:7            Lair (0/5) D:8
    Orc (1/2) D:10          Sewer (visited)          Bailey (visited)

Altars:
Ashenzari
Dithmenos
Elyvilon
Fedhas
Hepliaklqana
Makhleb
Nemelex Xobeh
Okawaru
Qazlal
Trog
Vehumet
The Shining One

Annotations:
Orc:1 Gastronok


Innate Abilities, Weirdness & Mutations

You have a pair of horns on your head.
You reflexively headbutt those who attack you in melee.


Message History

Beogh smites you! The orc barely misses you. You furiously retaliate!
You headbutt the orc.
The ogre hits you with a +0 giant club!!
The orc barely misses you. The warg bites you.
The orc warlord roars a battlecry!
The orcs go into a battle-frenzy!
The orc hits you but does no damage.
The orc hits you with a +1 mace of draining.
You feel drained.
There is a staircase back to the Dungeon, spattered with blood here.
The warg bites you! The ogre hits you with a +0 giant club!
* * * LOW HITPOINT WARNING * * *
The orc barely misses you. You furiously retaliate!
You headbutt the orc!
You kill the orc!
Trog accepts your kill.
The orc warlord hits you but does no damage.
You are poisoned.
The orc hits you with a +0 short sword.
* * * LOW HITPOINT WARNING * * *
The warg bites you but does no damage.
You climb upwards.
Welcome back to the Dungeon!
You feel sick.
There is a staircase to the Orcish Mines, spattered with blood here.
You see here a +0 short sword.
A red film seems to cover your vision as you go berserk!
You feel yourself moving faster!
You feel mighty!
Your skin stops crawling.
You feel less strong-willed.
You feel sick. The warg barely misses you. The orc hits you but does no damage.
The orc warlord hits you with a +1 war axe of venom!
* * * LOW HITPOINT WARNING * * *
You are more poisoned.
The ogre hits you with a +0 giant club.
* * * LOW HITPOINT WARNING * * *
You impale the orc warlord!! Your headbutt misses the orc warlord.
You feel very sick. The warg bites you but does no damage.
Unknown command.
You impale the orc warlord!!
You feel very sick. The orc hits you but does no damage.
The orc warlord hits you with a +1 war axe of venom!
* * * LOW HITPOINT WARNING * * *
You are lethally poisoned!
The ogre hits you with a +0 giant club!
* * * LOW HITPOINT WARNING * * *
You impale the orc warlord!!
* * * LOW HITPOINT WARNING * * *
You feel very sick. The warg bites you but does no damage.
The orc hits you but does no damage.
The orc warlord hits you with a +1 war axe of venom!
You die...

#.#....>##......#.#
#.#....###......#.#
#.#....# #......#.#
#.########......#.#
#.................#
########.##.#######
#.##.#8)))8#
#.##.#[o[))#
#.##.)[o@))#
#.##.#)h[O.#
#..#.#8)[.8#
##.#.####### #...#
#####


You could see an orc warlord, a warg, an ogre and an orc (strong).

Vanquished Creatures
  A hydra (D:9)
  A two-headed ogre (D:6)
  A tengu warrior (D:8)
  A manticore (D:9)
  6 trolls
  A hornet (D:7)
  2 dream sheep (D:9)
  Sigmund (D:2)
  2 vampires
  A wyvern (D:9)
  5 humans (D:8)
  Eustachio (D:5)
  A steam dragon (D:10)
  Menkaure (D:4)
  3 water moccasins
  Edmund (D:4)
  26 orc warriors
  3 ice beasts
  A black bear (D:5)
  12 ogres
  16 centaurs
  3 phantoms
  12 kobold brigands
  A bullfrog (D:8)
  10 scorpions
  3 necrophages
  2 gnoll sergeants
  10 wights
  11 killer bees
  7 electric eels
  9 howler monkeys
  3 hounds
  6 orc priests
  2 jellies
  5 iguanas
  Ijyb (D:3)
  4 orc wizards
  2 gnolls (D:10)
  9 adders
  5 river rats (Sewer)
  2 shadow imps
  2 white imps (D:8)
  3 ufetubi
  3 worms (D:5)
  3 dart slugs
  55 orcs
  15 ball pythons
  7 bats
  6 endoplasms
  10 giant cockroaches
  9 hobgoblins
  3 jackals (D:3)
  26 kobolds
  3 quokkas
  8 frilled lizards
  5 goblins
  14 rats
366 creatures vanquished.

Vanquished Creatures (collateral kills)
  3 orc priests (D:10)
3 creatures vanquished.

Vanquished Creatures (others)
  8 plants (D:8)
8 creatures vanquished.

Grand Total: 377 creatures vanquished

Notes
Turn   | Place    | Note
-------+----------+-------------------------------------------
     0 | D:1      | Pooter the Minotaur Berserker began the quest for the Orb.
     0 | D:1      | Reached XP level 1. HP: 19/19 MP: 0/0
   159 | D:1      | Reached XP level 2. HP: 22/27 MP: 1/1
   225 | D:1      | Reached skill level 4 in Fighting
   876 | D:2      | Found a faded altar of an unknown god.
   899 | D:2      | Reached ** piety under Trog
   900 | D:2      | Reached skill level 1 in Stealth
   900 | D:2      | Reached XP level 3. HP: 28/34 MP: 2/2
   908 | D:2      | Identified the +5 sling "Onio" {vorpal, rC+ SInv Stlth+}
  1009 | D:2      | You fall into a shaft and drop 2 floors!
  1115 | D:4      | Noticed a scorpion
  1510 | D:3      | Reached skill level 1 in Ranged Weapons
  1542 | D:2      | Noticed Sigmund
  1651 | D:2      | Killed Sigmund
  1652 | D:2      | Reached skill level 5 in Fighting
  1652 | D:2      | Reached XP level 4. HP: 39/42 MP: 3/3
  1652 | D:2      | Reached XP level 5. HP: 45/48 MP: 4/4
  2078 | D:2      | Found a glowing golden altar of the Shining One.
  2220 | D:3      | Found an iron altar of Okawaru.
  2450 | D:3      | Reached XP level 6. HP: 56/56 MP: 5/5
  2643 | D:3      | Found a hazy altar of Hepliaklqana.
  2981 | D:3      | Noticed Ijyb
  2994 | D:3      | Killed Ijyb
  3084 | D:4      | Found a burning altar of Makhleb.
  3103 | D:4      | Noticed Edmund
  3104 | D:4      | Noticed Menkaure
  3109 | D:4      | Killed Edmund
  3110 | D:4      | Reached skill level 6 in Fighting
  3110 | D:4      | Reached XP level 7. HP: 63/63 MP: 6/6
  3113 | D:4      | Killed Menkaure
  3114 | D:4      | Reached skill level 5 in Axes
  3182 | D:4      | Reached skill level 1 in Evocations
  3408 | D:4      | Reached skill level 1 in Maces & Flails
  3409 | D:4      | Found a shadowy altar of Dithmenos.
  3409 | D:4      | Found a blossoming altar of Fedhas.
  3416 | D:4      | Found a white marble altar of Elyvilon.
  3419 | D:4      | Found a broken altar of Ashenzari.
  3421 | D:4      | Found a faded altar of an unknown god.
  3701 | D:4      | Found a bloodstained altar of Trog.
  3788 | D:4      | Reached XP level 8. HP: 71/71 MP: 7/7
  3860 | D:4      | Reached *** piety under Trog
  3895 | D:5      | Entered Level 5 of the Dungeon
  3905 | D:5      | Reached skill level 7 in Fighting
  3965 | D:5      | Found a glowing drain.
  3977 | D:5      | Noticed Eustachio
  3988 | Sewer    | Entered a sewer
  4018 | Sewer    | Reached skill level 5 in Ranged Weapons
  5185 | D:5      | Killed Eustachio
  5455 | D:5      | Reached XP level 9. HP: 81/81 MP: 8/8
  5475 | D:5      | Reached skill level 8 in Fighting
  5661 | D:5      | Found a stormy altar of Qazlal.
  5706 | D:5      | Reached **** piety under Trog
  6481 | D:5      | Reached skill level 5 in Maces & Flails
  7070 | D:6      | Noticed a two-headed ogre
  7077 | D:6      | Killed a two-headed ogre
  7078 | D:6      | Reached skill level 9 in Fighting
  7966 | D:6      | Found a radiant altar of Vehumet.
  8136 | D:7      | Paralysed by a hornet for 3 turns
  8143 | D:7      | Reached XP level 10. HP: 51/91 MP: 9/9
  8670 | D:7      | Found a staircase to the Ecumenical Temple.
  9797 | D:8      | Noticed a tengu warrior
  9818 | D:8      | Killed a tengu warrior
  9997 | D:8      | Reached skill level 10 in Fighting
 10249 | D:8      | HP: 2/93 [electric eel/bolt of electricity (9)]
 10537 | D:7      | Upgraded the game from 0.30-a0-170-g85af917532 to
                  | 0.30-a0-172-gc5509c9e31
 10765 | D:8      | Found a staircase to the Lair.
 11008 | D:8      | Reached skill level 1 in Throwing
 11931 | D:9      | Reached XP level 11. HP: 90/90 MP: 10/10
 11959 | D:9      | Noticed a two-headed hydra
 11964 | D:9      | Killed a two-headed hydra
 12534 | D:9      | Found a sparkling altar of Nemelex Xobeh.
 12702 | D:10     | Entered Level 10 of the Dungeon
 12714 | D:10     | Reached skill level 11 in Fighting
 12816 | D:10     | Found a flagged portal.
 12844 | Bailey   | Entered a bailey
 13890 | Bailey   | Reached skill level 5 in Evocations
 16890 | D:10     | Found a staircase to the Orcish Mines.
 17565 | Orc:1    | Entered Level 1 of the Orcish Mines
 17565 | Orc:1    | Noticed Gastronok
 17565 | Orc:1    | Noticed an orc warlord
 17570 | Orc:1    | Reached skill level 10 in Ranged Weapons
 17570 | Orc:1    | Reached XP level 12. HP: 30/112 MP: 11/11
 17570 | Orc:1    | HP: 5/112 [poisoned by an orc]
 17850 | D:10     | Slain by an orc warlord

Illustrated notes

Levels and vault maps discovered:
D:1:      amcnicky_arrival_choice, layout_basic
D:2:      layout_rooms, ebering_ecumenical_altar_webs, basic_altar, uniq_sigmund
D:3:      minmay_chambers_of_threes, layout_basic,
          mainiacjoe_overflow_tiny_flanked, mainiacjoe_overflow_alcove_1,
          uniq_ijyb
D:4:      layout_loops_cross, mainiacjoe_overflow_surrounded_room,
          marbit_many_paths, chequers_temple_overflow_minitemple, uniq_edmund,
          uniq_menkaure
D:5:      layout_basic, kennysheep_little_box, cheibrodos_sewer_entry_sluice,
          uniq_eustachio
D:6:      hangedman_cross_stitches, layout_basic, vehumet_crystals, hex_large
D:7:      layout_loops_corners, minmay_temple_entry_fiery
D:8:      nzn_winding_woodlands_cross [nzn_winding_woodlands_5x15_jagged,
          nzn_winding_woodlands_5x15_garden, nzn_winding_woodlands_5x15_crooked,
          nzn_winding_woodlands_5x15_eye, nzn_winding_woodlands_15x15_eel_pit],
          layout_basic, lair_entry_dummy, minmay_ruffians
D:9:      layout_cave_pools, nicolae_overflow_crystal_walls, hangedman_ranch
D:10:     layout_basic, kennysheep_orc_monster_closet_entryway, enter_bailey_2
Orc:1:    layout_caves, uniq_gastronok, uniq_fannar

Skill      XL: |  1  2  3  4  5  6  7  8  9 10 11 |
---------------+----------------------------------+-----
Fighting       | 4 5 6 7 9 10 11 | 11.8
Axes           | 4 5 6 7 8 |  8.8
Stealth        | 1 2 3 4 |  4.9
Ranged Weapons | 2 3 4 5 7 8 10 | 10.1
Dodging        | 3 |  3.9
Evocations     | 1 2 3 4 5 |  5.5
Maces & Flails | 2 4 6 8 9 |  9.9
Throwing       | 1 3 |  3.4
Armour         | 3 4 |  4.9

Action                   |  1- 3 |  4- 6 |  7- 9 | 10-12 || total
-------------------------+-------+-------+-------+-------++-------
Melee: Hand axe          |    45 |       |       |       ||    45
       Headbutt          |     7 |     3 |    28 |    43 ||    81
       Flail             |     2 |    18 |       |       ||    20
       Trident           |       |     7 |     4 |       ||    11
       Dire flail        |       |       |   181 |    41 ||   222
       Morningstar       |       |       |       |   189 ||   189
       Punch             |       |       |       |     4 ||     4
 Fire: Sling             |    39 |    54 |    73 |       ||   166
       Arbalest          |       |       |    62 |   205 ||   267
Throw: Boomerang         |       |       |       |     5 ||     5
Invok: Berserk           |     1 |     3 |    13 |     8 ||    25
       Trog's Hand       |     1 |     1 |     2 |    12 ||    16
Evoke: Wand              |       |       |       |     2 ||     2
  Use: Scroll            |     2 |     4 |     9 |    11 ||    26
       Potion            |       |       |       |     2 ||     2
 Stab: Sleeping          |     1 |       |       |       ||     1
Armor: Animal skin       |    30 |       |       |       ||    30
       Scale mail        |       |    12 |       |       ||    12
       Chain mail        |       |     6 |    78 |       ||    84
       Plate armour      |       |       |   104 |   255 ||   359
Dodge: Dodged            |    45 |    17 |   105 |   129 ||   296

Table legend: (Time is in decaauts)
 A = Elapsed time spent in this place.
 B = Non-inter-level travel time spent in this place.
 C = Inter-level travel time spent in this place.
 D = Time resting spent in this place.
 E = Time spent auto-exploring this place.
 F = Levels seen in this place.
 G = Mean time per level.
                   A        B        C        D        E       F      G
               +--------+--------+--------+--------+--------+-----+--------+
         Total |  18378 |  18075 |    303 |   8291 |   7034 |  13 | 1413.7 |
       Dungeon |  13185 |  12883 |    302 |   4240 |   6449 |  10 | 1318.5 |
  Orcish Mines |     10 |     10 |      0 |      0 |      0 |   1 |   10.0 |
         Sewer |   1261 |   1261 |      0 |    736 |    278 |   1 | 1261.0 |
        Bailey |   3921 |   3921 |      0 |   3314 |    307 |   1 | 3921.0 |
               +--------+--------+--------+--------+--------+-----+--------+

Top non-repeatable levels by time:
  Bailey: 3921 daAuts
     D:7: 1945 daAuts
     D:6: 1723 daAuts
     D:8: 1688 daAuts
     D:3: 1472 daAuts
     D:5: 1429 daAuts
    D:10: 1343 daAuts
   Sewer: 1261 daAuts
     D:9: 1051 daAuts
     D:4: 963 daAuts
     D:1: 821 daAuts
     D:2: 744 daAuts
   Orc:1: 10 daAuts
